 Dungeon Crawl Stone Soup version 0.28-a0-657-g71136c5590 (webtiles) character file.

Game seed: 13355697587477002033

0 ytrimaz the Sneak (level 1, 0/14 HPs)
             Began as an Octopode Brigand on Oct 13, 2021.
             Slain by a bat (1 damage)
             ... on level 1 of the Dungeon.
             The game lasted 00:00:19 (49 turns).

ytrimaz the Sneak (Octopode Brigand)                  Turns: 49, Time: 00:00:19

Health: 0/14       AC:  1    Str: 10    XL:     1   Next: 10%
Magic:  1/1        EV: 12    Int: 13    God:
Gold:   6          SH:  0    Dex: 13    Spells: 0/0 levels left

rFire   . . .      SeeInvis .   a - +2 dagger
rCold   . . .      Faith    .   (no shield)
rNeg    . . .      Spirit   .   (helmet restricted)
rPois   .          Reflect  .   (no amulet)
rElec   .          Harm     .   (no ring)
rCorr   .          Rampage  .   (no ring)
Will    .....                   (no ring)
Stlth   ++++......              (no ring)
HPRegen 0.04/turn               (no ring)
MPRegen 0.07/turn               (no ring)
                                (no ring)
                                (no ring)

@: no status effects
A: almost no armour, amphibious, 8 rings, camouflage 1, gelatinous body 1,
(nimble swimmer 1), tentacles
a: no special abilities


You were on level 1 of the Dungeon.
You visited 1 branch of the dungeon, and saw 1 of its levels.

You collected 6 gold pieces.

Inventory:

Hand Weapons
 a - a +2 dagger (weapon)
Missiles
 b - 8 poisoned darts (quivered)
 c - 2 curare-tipped darts
Scrolls
 d - 3 scrolls of amnesia {unknown}
Potions
 e - a potion of curing {unknown}


   Skills:
 + Level 2.0 Fighting
 + Level 2.0 Short Blades
 - Level 2.0 Throwing
 * Level 1.0 Dodging
 * Level 5.3 Stealth


You couldn't memorise any spells.
You didn't know any spells.
Your spell library was empty.

Dungeon Overview and Level Annotations

Branches:
Dungeon (1/15)

Altars:


Innate Abilities, Weirdness & Mutations

You cannot wear most types of armour.
You are amphibious.
You can wear up to eight rings at the same time.
Your skin changes colour to match your surroundings (Stealth+).
Your rubbery body absorbs attacks. (AC +1, EV +1)
((You are camouflaged near water. (Stealth+)))
You have tentacles for arms and can constrict up to eight enemies at once.


Message History

The bat hits you. The ball python closely misses you.
The ball python grabs you. The ball python constricts you.
You barely miss the ball python. Your grab misses the ball python.
The ball python bites you. The ball python constricts you.
You hit the ball python but do no damage.
You grab the ball python. You constrict the ball python.
The ball python bites you. The ball python constricts you.
You hit the ball python but do no damage.
The ball python is heavily wounded.
You constrict the ball python.
You kill the ball python!
The bat closely misses you. x2
Unknown command.
You barely miss the bat. Your grab misses the bat.
The bat is moderately wounded.
The bat hits you.
* * * LOW HITPOINT WARNING * * *
You barely miss the bat. You grab the bat. You constrict the bat.
The bat barely misses you.
The bat escapes!
The bat hits you but does no damage.
You barely miss the bat. You grab the bat.
The bat is moderately wounded.
You constrict the bat, but do no damage.
The bat hits you.
* * * LOW HITPOINT WARNING * * *
The bat escapes!
Unknown command.
The bat closely misses you. The bat hits you but does no damage.
You see here a +0 dagger.
The bat barely misses you. The bat barely misses you. The bat hits you.
* * * LOW HITPOINT WARNING * * *
The bat hits you.
* * * LOW HITPOINT WARNING * * *
The bat barely misses you. The bat completely misses you.
The bat closely misses you. The bat hits you.
You die...

. #.###.###.. ## ##
#. #.w.†...... ##.
.## #.###)###......
.#..#####..##
#...## ###.#
#..#.....#..####.##
..#..[....#...##b#
.#....<....#..##.#
..#.......#...##b#
#..#.....#..#.##@#
..).#####..##.##.#
###..............#
##...######.####
##### #.# #.# #.#
#.# #.#


You could see 2 bats.

Vanquished Creatures
  A ball python (D:1)
1 creature vanquished.

Notes
Turn   | Place    | Note
-------+----------+-------------------------------------------
     0 | D:1      | ytrimaz the Octopode Brigand began the quest for the Orb.
     0 | D:1      | Reached XP level 1. HP: 14/14 MP: 1/1
    49 | D:1      | Slain by a bat

Illustrated notes

Levels and vault maps discovered:
D:1:      scummos_arrival_hexagon, layout_loops_ring

Action                   || total
-------------------------++-------
Melee: Dagger            ||     7
       Constrict         ||     3
Armor: Skin              ||     2
Dodge: Dodged            ||    11

Table legend: (Time is in decaauts)
 A = Elapsed time spent in this place.
 B = Non-inter-level travel time spent in this place.
 C = Inter-level travel time spent in this place.
 D = Time resting spent in this place.
 E = Time spent auto-exploring this place.
 F = Levels seen in this place.
 G = Mean time per level.
                   A        B        C        D        E       F      G
               +--------+--------+--------+--------+--------+-----+--------+
         Total |     48 |     48 |      0 |      0 |     29 |   1 |   48.0 |
       Dungeon |     48 |     48 |      0 |      0 |     29 |   1 |   48.0 |
               +--------+--------+--------+--------+--------+-----+--------+

Top non-repeatable levels by time:
     D:1: 48 daAuts
